 Dungeon Crawl Stone Soup version 0.32-a0-768-g0f6f1dd4b9 (webtiles) character file.

Game seed: 3377158031901853724

255 Dirtsage the Insei (level 5, -5/41 HPs)
             Began as a Demonspawn Monk on Mar 18, 2024.
             Slain by a gnoll
             ... wielding a +0 flail
              (10 damage)
             ... on level 4 of the Dungeon.
             The game lasted 00:05:59 (2560 turns).

Dirtsage the Insei (Demonspawn Monk)                Turns: 2560, Time: 00:05:59

Health: -5/41      AC:  6    Str: 13    XL:     5   Next: 91%
Magic:  5/5        EV: 10    Int: 10    God:
Gold:   48         SH:  0    Dex: 16    Spells: 4/4 levels left

rFire   . .          .
                       - Unarmed
rCold   . . .        c - orb {light}
rNeg    . . .        e - +0 ring mail
rPois   .            (no helmet)
rElec   .            (no cloak)
rCorr   .            f - +0 pair of gloves
SInv    .            (no boots)
Will    .....        (no amulet)
Stlth   +            (no ring)
HPRegen 0.26/turn    (no ring)
MPRegen 0.09/turn

%: no passive effects
@: glowing
A: foul stench 1
a: no special abilities


You were on level 4 of the Dungeon.
You visited 1 branch of the dungeon, and saw 4 of its levels.

You collected 113 gold pieces.
You spent 65 gold pieces at shops.

Inventory:

Missiles
 j - 2 curare-tipped darts (quivered)
Armour
 a - a +0 robe
 c - an orb of light (worn)
 e - a +0 ring mail (worn)
 f - a +0 pair of gloves (worn)
Scrolls
 b - a scroll of torment {unknown}
 g - a scroll of revelation
 h - a scroll of noise
 i - a scroll of identify
 k - a scroll of fog {unknown}
 t - 3 scrolls of teleportation
Potions
 d - a potion of magic
 l - a potion of might {unknown}


   Skills:
 - Level 3.0 Fighting
 - Level 2.6 Dodging
 + Level 6.1 Unarmed Combat


You had 4 spell levels left.
You didn't know any spells.
Your spell library contained the following spells:

 Spells                   Type           Power      Damage    Failure   Level
 Static Discharge         Conj/Air       0%         3-3/arc   77%         2
 Airstrike                Air            0%         2d(0-16)  100%        4
 Fulminant Prism          Conj/Alch      0%         3d5       100%        4
 Olgreb's Toxic Radiance  Alch           0%         N/A       100%        4
 Summon Lightning Spire   Summ/Air       0%         N/A       100%        4
 Yara's Violent Unravell  Hex/Alch       0%         3d3       100%        5


Dungeon Overview and Level Annotations

Branches:
Dungeon (4/15)             Temple (0/1) D:4

Altars:

Shops:
D:1 ?:

Annotations:
D:4 Grinder


Innate Abilities, Weirdness & Mutations

You may rarely emit foul miasma when damaged in melee.


Message History

You take 1 damage, and have 26/41 hp.
You hit the gnoll.
The gnoll is almost dead.
The gnoll closely misses you.
You hit the gnoll.
You kill the gnoll!
You hit the gnoll.
The gnoll is lightly wounded.
The gnoll closely misses you.
You hit the gnoll.
The gnoll is moderately wounded.
The gnoll hits you with a +0 club.
You take 4 damage, and have 23/41 hp.
You completely miss the gnoll.
The gnoll is moderately wounded.
The gnoll hits you with a +0 club!
You take 8 damage, and have 15/41 hp.
You punch the gnoll!
The gnoll is almost dead.
You hit the gnoll.
The gnoll is almost dead.
The gnoll hits you but does no damage.
You hit the gnoll.
You kill the gnoll!
You hit the gnoll.
The gnoll is moderately wounded.
You hit the gnoll but do no damage.
The gnoll is moderately wounded.
The gnoll hits you with a +0 flail.
* * * LOW HITPOINT WARNING * * *
You take 4 damage, and have 12/41 hp.
You hit the gnoll.
The gnoll is heavily wounded.
The gnoll hits you with a +0 flail!
* * * LOW HITPOINT WARNING * * *
You take 7 damage, and have 5/41 hp.
You hit the gnoll.
The gnoll is severely wounded.
The gnoll hits you with a +0 flail!
You die...

.#.#####*,,,,,,,,,,,,,* #.##
.#.#### *,#.*,**,****** #.#
.#.# *,#.*,**,* #.# .#,*
#,#.,,**,* #.# .#,* #.#.*,**,*
#.# ...* #.#.*,**,*######## #.#
#### ***(..,,,,,*#......# #.#
#******,,,#.#######.####.####.#
,,,,,,,,,,#>$.gg@...# #......#
*****.......######### ########
*.##....*** *,#.....,,* *
*,#.....,,* * **,#.....,,* *
*,,###.g.*** ****,,,,....*
,,*,,⌠,,**,**


You could see 2 gnolls.

Vanquished Creatures
  A hound (D:3)
  An iguana (D:4)
  A sleepcap (D:4)
  5 gnolls
  6 adders
  2 ribbon worms (D:2)
  An orc (D:4)
  6 bats
  8 endoplasms
  5 giant cockroaches
  9 goblins
  6 hobgoblins
  A quokka (D:1)
  5 ball pythons
  3 frilled lizards
  7 rats
67 creatures vanquished.

Notes
Turn   | Place    | Note
-------+----------+-------------------------------------------
     0 | D:1      | Dirtsage the Demonspawn Monk began the quest for the Orb.
     0 | D:1      | Reached XP level 1. HP: 18/18 MP: 1/1
    38 | D:1      | Found Zoick's Magic Scroll Shoppe.
    90 | D:1      | Found Limpocim's Book Shop.
   291 | D:1      | Reached skill level 3 in Unarmed Combat
   647 | D:1      | Got the Compendium of the Scorpion
   755 | D:2      | Gained mutation: You may rarely emit foul miasma when
                  | damaged in melee. [demonic ancestry]
   755 | D:2      | Reached XP level 2. HP: 24/24 MP: 2/2
   965 | D:2      | Reached XP level 3. HP: 20/29 MP: 3/3
  1096 | D:2      | Reached skill level 4 in Unarmed Combat
  1262 | D:1      | Bought a scroll of teleportation for 39 gold pieces
  1262 | D:1      | Bought a scroll of identify for 26 gold pieces
  1328 | D:2      | Found a faded altar of an unknown god.
  1565 | D:3      | Reached XP level 4. HP: 25/35 MP: 4/4
  1670 | D:3      | Reached skill level 5 in Unarmed Combat
  1890 | D:3      | Reached XP level 5. HP: 37/41 MP: 5/5
  2193 | D:4      | Noticed an ogre
  2358 | D:4      | Noticed Grinder
  2457 | D:4      | Reached skill level 6 in Unarmed Combat
  2560 | D:4      | Slain by a gnoll

Illustrated notes

Levels and vault maps discovered:
D:1:      minmay_arrival_up_and_down, layout_basic, serial_shops, shop,
          nicolae_shop_gibbet_a_chance
D:2:      layout_rooms, dilly_ecumenical_altar_fadedgnrine,
          minmay_misc_feat_doors, hangedman_glass_teeth
D:3:      layout_rooms, kennysheep_generic_room_9
D:4:      layout_loops_cross, minmay_temple_entry_proselytizer,
          hangedman_feature_mirror, uniq_grinder

Skill      XL: |  1  2  3  4  5 |
---------------+----------------+-----
Unarmed Combat | 3 4 5 6 |  6.1
Fighting       | |  3.0
Dodging        | |  2.6

Action                     |  1- 3 |  4- 6 || total
---------------------------+-------+-------++-------
  Melee: Unarmed           |   114 |   129 ||   243
    Use: Scroll            |     1 |     3 ||     4
         Potion            |     1 |     2 ||     3
 Armour: Ring mail         |    58 |    79 ||   137
         Robe              |     2 |       ||     2
  Dodge: Dodged            |    69 |    58 ||   127

Table legend: (Time is in decaauts)
 A = Elapsed time spent in this place.
 B = Non-inter-level travel time spent in this place.
 C = Inter-level travel time spent in this place.
 D = Time resting spent in this place.
 E = Time spent auto-exploring this place.
 F = Levels seen in this place.
 G = Mean time per level.
                   A        B        C        D        E       F      G
               +--------+--------+--------+--------+--------+-----+--------+
         Total |   2540 |   2337 |    203 |     34 |   1811 |   4 |  635.0 |
       Dungeon |   2540 |   2337 |    203 |     34 |   1811 |   4 |  635.0 |
               +--------+--------+--------+--------+--------+-----+--------+

Top non-repeatable levels by time:
     D:1: 796 daAuts
     D:3: 740 daAuts
     D:2: 737 daAuts
     D:4: 266 daAuts
